APP
MIAMI (APP) MARLINS @ HELENA BREWERS
09/10/2049
 
TOP OF THE 1ST
Miami (APP) Marlins batting - Pitching for Helena Brewers : LHP Hiroshi Matsuda
Pitching: LHP Hiroshi Matsuda
Batting: RHB Torquato Uso 0-0: Bunted foul
0-1: Foul Ball, location: 2F
0-2: Foul Ball, location: 2F
0-2: Foul Ball, location: 2F
0-2: Ball
1-2: Strikes out swinging, 2-3 out at first.
Batting: RHB Terrell Smith 0-0: Called Strike
0-1: Ball
1-1: Foul Ball, location: 2F
1-2: Ball
2-2: Ball
3-2: Foul Ball, location: 2F
3-2: Foul Ball, location: 2F
3-2: Base on Balls
Batting: RHB Clark Meagher 0-0: Called Strike
0-1: Foul Ball, location: 2F
0-2: Ball
1-2: Foul Ball, location: 2F
1-2: Foul Ball, location: 2F
1-2: Ball
2-2: Hit by Pitch
Terrell Smith to second
Batting: LHB Tony Olmos 0-0: Called Strike
0-1: Ball
1-1: Swinging Strike
1-2: Strikes out looking
Batting: RHB David Martin 0-0: Called Strike
0-1: Called Strike
0-2: Ball
1-2: Ball
2-2: Fly out, F4 (Popup, 4M, EV 68.8 MPH)
Top of the 1st over - 0 runs, 0 hits, 0 errors, 2 left on base; Miami (APP) 0 - Helena 0
BOTTOM OF THE 1ST
Helena Brewers batting - Pitching for Miami (APP) Marlins : RHP Leon Valle
Pitching: RHP Leon Valle
Batting: LHB Andy Buschlen 0-0: SINGLE (Groundball, 3S, EV 70.6 MPH) (infield hit)
Batting: RHB Mohammed bin Ubaida 0-0: Called Strike
0-1: Ball
1-1: Ball
2-1: Foul Ball, location: 2F
2-2: Strikes out swinging
Batting: RHB Austin Doig 0-0: Ball
1-0: Foul Ball, location: 2F
1-1: Swinging Strike
1-2: Strikes out swinging
Batting: LHB Tony Hasbun 0-0: Swinging Strike
0-1: Swinging Strike
0-2: Ball
1-2: Foul Ball, location: 2F
1-2: Foul Ball, location: 2F
1-2: Ground out 4-3 (Groundball, 4, EV 82.5 MPH)
Bottom of the 1st over - 0 runs, 1 hit, 0 errors, 1 left on base; Miami (APP) 0 - Helena 0
TOP OF THE 2ND
Miami (APP) Marlins batting - Pitching for Helena Brewers : LHP Hiroshi Matsuda
Batting: RHB Kazumi Inouye 0-0: SINGLE (Line Drive, 6MD, EV 103.8 MPH)
Batting: RHB Robbie Gomez 0-0: Ball
1-0: Swinging Strike
1-1: Ball
2-1: Called Strike
Kazumi Inouye steals 2nd base
2-2: Ball
3-2: SINGLE (Flyball, 4MD, EV 85.0 MPH)
Kazumi Inouye to third
Batting: RHB Francisco Valenzuela 0-0: Called Strike
0-1: Ball
1-1: Ball
2-1: Ball
3-1: Base on Balls
Robbie Gomez to second
Batting: RHB Hektor Luvian 0-0: Foul Ball, location: 2F
0-1: Called Strike
0-2: Ball
1-2: Ball
2-2: Strikes out swinging
Batting: RHB Torquato Uso 0-0: Called Strike
0-1: Called Strike
0-2: Strikes out swinging
Batting: RHB Terrell Smith 0-0: Swinging Strike
0-1: Fly out, F7 (Flyball, 7LS, EV 85.0 MPH)
Top of the 2nd over - 0 runs, 2 hits, 0 errors, 3 left on base; Miami (APP) 0 - Helena 0
BOTTOM OF THE 2ND
Helena Brewers batting - Pitching for Miami (APP) Marlins : RHP Leon Valle
Batting: RHB Frank Pena 0-0: Ball
1-0: Ball
2-0: Ball
3-0: Base on Balls
Batting: LHB Jose Simental 0-0: Called Strike
Frank Pena steals 2nd base
0-1: Foul Ball, location: 2F
0-2: Foul Ball, location: 2F
0-2: Strikes out looking
Batting: RHB Austin Sweetman 0-0: Swinging Strike
0-1: Ball
1-1: Ball
2-1: Ground out 4-3 (Groundball, 3D, EV 100.0 MPH)
Frank Pena to third
Batting: RHB Fernando Mejia 0-0: Ball
1-0: Ball
2-0: Foul Ball, location: 2F
2-1: Called Strike
2-2: Strikes out swinging
Bottom of the 2nd over - 0 runs, 0 hits, 0 errors, 1 left on base; Miami (APP) 0 - Helena 0
TOP OF THE 3RD
Miami (APP) Marlins batting - Pitching for Helena Brewers : LHP Hiroshi Matsuda
Batting: RHB Clark Meagher 0-0: Foul Ball, location: 2F
0-1: Hit by Pitch
Batting: LHB Tony Olmos 0-0: Called Strike
0-1: Ball
1-1: Ball
2-1: Foul Ball, location: 2F
2-2: Strikes out swinging
Batting: RHB David Martin 0-0: Fly out, F8 (Line Drive, 8LD, EV 98.8 MPH)
Batting: RHB Kazumi Inouye 0-0: Called Strike
0-1: SINGLE (Line Drive, 8LS, EV 100.6 MPH)
Clark Meagher to second
Batting: RHB Robbie Gomez 0-0: Called Strike
0-1: Ball
Wild Pitch!
Clark Meagher to third
Kazumi Inouye to second
1-1: Ball
2-1: Ball
Wild Pitch!
Clark Meagher scores
Kazumi Inouye to third
3-1: Fly out, F8 (Flyball, 8RD, EV 91.2 MPH)
Top of the 3rd over - 1 run, 1 hit, 0 errors, 1 left on base; Miami (APP) 1 - Helena 0
BOTTOM OF THE 3RD
Helena Brewers batting - Pitching for Miami (APP) Marlins : RHP Leon Valle
Batting: RHB Gil Sanchez 0-0: Called Strike
0-1: Swinging Strike
0-2: Strikes out swinging
Batting: LHB Andy Buschlen 0-0: Foul Ball, location: 2F
0-1: SINGLE (Flyball, 56D, EV 90.0 MPH)
Batting: RHB Mohammed bin Ubaida 0-0: SINGLE (Groundball, 56D, EV 97.5 MPH)
Andy Buschlen to second
Batting: RHB Austin Doig 0-0: SINGLE (Line Drive, 9LS, EV 88.1 MPH)
Andy Buschlen to third
Mohammed bin Ubaida to second
Runner from 3rd tries for Home, SAFE, throw by RF to home
Batting: LHB Tony Hasbun 0-0: Ball
1-0: Foul Ball, location: 2F
1-1: SINGLE (Flyball, 5D, EV 98.8 MPH)
Mohammed bin Ubaida to third
Austin Doig to second
Batting: RHB Frank Pena 0-0: Ball
1-0: SINGLE (Line Drive, 7S, EV 94.4 MPH)
Mohammed bin Ubaida scores
Austin Doig to third
Tony Hasbun to second
Batting: LHB Jose Simental 0-0: Ball
1-0: Ball
2-0: DOUBLE (Groundball, 3L, EV 101.9 MPH)
Austin Doig scores
Tony Hasbun scores
Frank Pena to third
Runner from 3rd tries for Home, SAFE, throw by RF to trailing runner, OUT at third! 9-3-5
Batting: RHB Austin Sweetman 0-0: DOUBLE (Flyball, 7D, EV 108.8 MPH)
Batting: RHB Fernando Mejia 0-0: Ball
1-0: Ball
2-0: Ground out U3 (Groundball, 3, EV 106.9 MPH)
Bottom of the 3rd over - 5 runs, 7 hits, 0 errors, 1 left on base; Miami (APP) 1 - Helena 5
TOP OF THE 4TH
Miami (APP) Marlins batting - Pitching for Helena Brewers : LHP Hiroshi Matsuda
Batting: RHB Francisco Valenzuela 0-0: Ground out 5-3 (Groundball, 25, EV 65.6 MPH)
Batting: RHB Hektor Luvian 0-0: Ball
1-0: Called Strike
1-1: Foul Ball, location: 2F
1-2: Strikes out looking
Batting: RHB Torquato Uso 0-0: Called Strike
0-1: Ball
1-1: Ball
2-1: Swinging Strike
2-2: Ball
3-2: Base on Balls
Batting: RHB Terrell Smith 0-0: 2-RUN HOME RUN (Flyball, 7LD, EV 93.8 MPH), Distance : 357 ft
Batting: RHB Clark Meagher 0-0: Called Strike
0-1: Foul Ball, location: 2F
0-2: Ball
1-2: SOLO HOME RUN (Flyball, 89XD, EV 109.4 MPH), Distance : 408 ft
Batting: LHB Tony Olmos 0-0: Fly out, F6 (Popup, 4M, EV 55.6 MPH)
Top of the 4th over - 3 runs, 2 hits, 0 errors, 0 left on base; Miami (APP) 4 - Helena 5
BOTTOM OF THE 4TH
Helena Brewers batting - Pitching for Miami (APP) Marlins : RHP Leon Valle
Batting: RHB Gil Sanchez 0-0: Foul Ball, location: 2F
0-1: Foul Ball, location: 2F
0-2: Foul Ball, location: 2F
0-2: Strikes out swinging
Batting: LHB Andy Buschlen 0-0: Foul Ball, location: 2F
0-1: Foul Ball, location: 2F
0-2: Foul Ball, location: 2F
0-2: Ball
1-2: Foul Ball, location: 2F
1-2: Ball
2-2: Foul Ball, location: 2F
2-2: Foul Ball, location: 2F
2-2: Foul Ball, location: 2F
2-2: Foul Ball, location: 2F
2-2: Foul Ball, location: 2F
2-2: Foul Ball, location: 2F
2-2: Ground out 6-3 (Groundball, 6, EV 81.2 MPH)
Batting: RHB Mohammed bin Ubaida 0-0: Ball
1-0: Foul Ball, location: 2F
1-1: Reached on error, E6 (Groundball, 6, EV 85.6 MPH)
Batting: RHB Austin Doig 0-0: Ball
1-0: Foul Ball, location: 2F
1-1: SINGLE (Groundball, 56D, EV 105.6 MPH) (infield hit)
Mohammed bin Ubaida to third
Pitching: RHP Carlos Segura
Batting: LHB Tony Hasbun 0-0: Foul Ball, location: 2F
0-1: Ball
1-1: Foul Ball, location: 2F
1-2: Ball
2-2: Strikes out swinging
Bottom of the 4th over - 0 runs, 1 hit, 1 error, 2 left on base; Miami (APP) 4 - Helena 5
TOP OF THE 5TH
Miami (APP) Marlins batting - Pitching for Helena Brewers : LHP Hiroshi Matsuda
Pitching: RHP Silvian Mans
Batting: RHB David Martin 0-0: Called Strike
0-1: Ball
1-1: Ball
2-1: Foul Ball, location: 2F
2-2: Foul Ball, location: 2F
2-2: Foul Ball, location: 2F
2-2: Foul Ball, location: 2F
2-2: Ball
3-2: Strikes out looking
Batting: RHB Kazumi Inouye 0-0: Called Strike
0-1: Ball
1-1: Swinging Strike
1-2: Ball
2-2: Ball
3-2: Strikes out swinging
Batting: RHB Robbie Gomez 0-0: SINGLE (Groundball, 56, EV 103.8 MPH) (infield hit)
Batting: RHB Francisco Valenzuela 0-0: Ball
Robbie Gomez is caught stealing 2nd base 2-4
Top of the 5th over - 0 runs, 1 hit, 0 errors, 0 left on base; Miami (APP) 4 - Helena 5
BOTTOM OF THE 5TH
Helena Brewers batting - Pitching for Miami (APP) Marlins : RHP Carlos Segura
Batting: RHB Frank Pena 0-0: Ground out U3 (Groundball, 34, EV 110.6 MPH)
Batting: LHB Jose Simental 0-0: Called Strike
0-1: Ball
1-1: Fly out, F8 (Flyball, 8LM, EV 90.0 MPH)
Batting: RHB Austin Sweetman 0-0: Called Strike
0-1: Swinging Strike
0-2: Fly out, F4 (Popup, 3S, EV 73.8 MPH)
Bottom of the 5th over - 0 runs, 0 hits, 0 errors, 0 left on base; Miami (APP) 4 - Helena 5
TOP OF THE 6TH
Miami (APP) Marlins batting - Pitching for Helena Brewers : RHP Silvian Mans
Batting: RHB Francisco Valenzuela 0-0: Called Strike
0-1: Foul Ball, location: 2F
0-2: Strikes out swinging
Pinch Hitting: RHB Axel Moltke 0-0: Called Strike
0-1: Foul Ball, location: 2F
0-2: Foul Ball, location: 2F
0-2: Foul Ball, location: 2F
0-2: SINGLE (Groundball, 6MD, EV 94.4 MPH)
Pitching: RHP Mario Ayala
Batting: RHB Torquato Uso 0-0: Ball
1-0: Ball
2-0: Ball
3-0: Called Strike
3-1: Called Strike
3-2: Strikes out swinging
Batting: RHB Terrell Smith 0-0: Called Strike
0-1: Foul Ball, location: 2F
0-2: Foul Ball, location: 2F
0-2: Ball
1-2: Strikes out swinging
Top of the 6th over - 0 runs, 1 hit, 0 errors, 1 left on base; Miami (APP) 4 - Helena 5
BOTTOM OF THE 6TH
Helena Brewers batting - Pitching for Miami (APP) Marlins : RHP Carlos Segura
Now at 3B: Axel Moltke
Batting: RHB Fernando Mejia 0-0: Ball
1-0: Ground out 6-3 (Groundball, 6, EV 79.4 MPH)
Batting: RHB Gil Sanchez 0-0: Called Strike
0-1: Fly out, F9 (Flyball, 9S, EV 86.2 MPH)
Batting: LHB Andy Buschlen 0-0: Foul Ball, location: 2F
0-1: Foul Ball, location: 2F
0-2: Fly out, F7 (Flyball, 7D, EV 99.4 MPH)
Bottom of the 6th over - 0 runs, 0 hits, 0 errors, 0 left on base; Miami (APP) 4 - Helena 5
TOP OF THE 7TH
Miami (APP) Marlins batting - Pitching for Helena Brewers : RHP Mario Ayala
Batting: RHB Clark Meagher 0-0: Called Strike
0-1: SINGLE (Groundball, 6D, EV 96.9 MPH)
Batting: LHB Tony Olmos 0-0: Ball
1-0: Ball
2-0: Called Strike
2-1: 2-RUN HOME RUN (Flyball, 9D, EV 100.0 MPH), Distance : 380 ft
Batting: RHB David Martin 0-0: Ball
1-0: Ball
2-0: Ball
3-0: Base on Balls
Batting: RHB Kazumi Inouye 0-0: Called Strike
0-1: Bunted foul
0-2: Hit by Pitch
David Martin to second
Batting: RHB Robbie Gomez 0-0: Ball
1-0: Ball
2-0: Called Strike
2-1: SINGLE (Line Drive, 8LS, EV 88.1 MPH)
David Martin to third
Kazumi Inouye to second
Batting: RHB Francisco Valenzuela 0-0: Called Strike
0-1: Grounds into fielders choice 6-2 (Groundball, 6, EV 89.4 MPH)
Kazumi Inouye to third
Robbie Gomez to second
Batting: RHB Axel Moltke 0-0: Ball
1-0: SINGLE (Line Drive, 89S, EV 104.4 MPH)
Kazumi Inouye scores
Robbie Gomez to third
Francisco Valenzuela to second
Runner from 3rd tries for Home, SAFE, throw by RF to home
Pitching: RHP Pedro Campos
Batting: RHB Torquato Uso 0-0: Ball
1-0: Called Strike
1-1: Foul Ball, location: 2F
1-2: Fly out, F8 (Line Drive, 8LS, EV 93.8 MPH)
Batting: RHB Terrell Smith 0-0: Fly out, F7 (Flyball, 78M, EV 81.9 MPH)
Top of the 7th over - 4 runs, 4 hits, 0 errors, 2 left on base; Miami (APP) 8 - Helena 5
BOTTOM OF THE 7TH
Helena Brewers batting - Pitching for Miami (APP) Marlins : RHP Carlos Segura
Batting: RHB Mohammed bin Ubaida 0-0: Called Strike
0-1: Ball
1-1: Called Strike
1-2: Ball
2-2: Ball
3-2: Strikes out swinging
Batting: RHB Austin Doig 0-0: Called Strike
0-1: Ball
1-1: Called Strike
1-2: Strikes out swinging
Batting: LHB Tony Hasbun 0-0: Called Strike
0-1: Foul Ball, location: 2F
0-2: Ball
1-2: Fly out, F5 (Line Drive, 56, EV 69.4 MPH)
Bottom of the 7th over - 0 runs, 0 hits, 0 errors, 0 left on base; Miami (APP) 8 - Helena 5
TOP OF THE 8TH
Miami (APP) Marlins batting - Pitching for Helena Brewers : RHP Pedro Campos
Batting: RHB Clark Meagher 0-0: Swinging Strike
0-1: Ball
1-1: Ball
2-1: DOUBLE (Line Drive, 3D, EV 99.4 MPH)
Batting: LHB Tony Olmos 0-0: Called Strike
0-1: 2-RUN HOME RUN (Flyball, 89XD, EV 107.5 MPH), Distance : 416 ft
Batting: RHB David Martin 0-0: Ball
1-0: Called Strike
1-1: SOLO HOME RUN (Flyball, 7D, EV 100.0 MPH), Distance : 378 ft
Batting: RHB Kazumi Inouye 0-0: Ball
1-0: Swinging Strike
1-1: Ground out U3 (Groundball, 34S, EV 86.2 MPH)
Batting: RHB Robbie Gomez 0-0: Ball
1-0: Ball
2-0: Called Strike
2-1: Ball
3-1: Foul Ball, location: 2F
3-2: Ground out U3 (Groundball, 3, EV 95.6 MPH)
Batting: RHB Francisco Valenzuela 0-0: Ball
1-0: Foul Ball, location: 2F
1-1: Ball
2-1: Ball
3-1: Foul Ball, location: 2F
3-2: Base on Balls
Batting: RHB Axel Moltke 0-0: Swinging Strike
Francisco Valenzuela steals 2nd base
0-1: Ball
1-1: Foul Ball, location: 2F
1-2: Foul Ball, location: 2F
1-2: Ball
2-2: 2-RUN HOME RUN (Flyball, 7LD, EV 93.1 MPH), Distance : 367 ft
Pitching: RHP Angel Pacheco
Batting: RHB Torquato Uso 0-0: Swinging Strike
0-1: Called Strike
0-2: Ball
1-2: Foul Ball, location: 2F
1-2: Strikes out swinging
Top of the 8th over - 5 runs, 4 hits, 0 errors, 0 left on base; Miami (APP) 13 - Helena 5
BOTTOM OF THE 8TH
Helena Brewers batting - Pitching for Miami (APP) Marlins : RHP Carlos Segura
Batting: RHB Frank Pena 0-0: Ball
1-0: Called Strike
1-1: Called Strike
1-2: Ball
2-2: Ground out U3 (Groundball, 3L, EV 85.6 MPH)
Batting: LHB Jose Simental 0-0: Ball
1-0: Called Strike
1-1: Swinging Strike
1-2: Strikes out swinging
Batting: RHB Austin Sweetman 0-0: Ball
1-0: Ground out 5-3 (Groundball, 25, EV 84.4 MPH)
Bottom of the 8th over - 0 runs, 0 hits, 0 errors, 0 left on base; Miami (APP) 13 - Helena 5
TOP OF THE 9TH
Miami (APP) Marlins batting - Pitching for Helena Brewers : RHP Angel Pacheco
Batting: RHB Terrell Smith 0-0: Foul Ball, location: 2F
0-1: Ball
1-1: Ball
2-1: Foul Ball, location: 2F
2-2: Foul Ball, location: 2F
2-2: Ground out 1-3 (Groundball, 15S, EV 65.6 MPH)
Batting: RHB Clark Meagher 0-0: Fly out, F9 (Flyball, 89M, EV 95.0 MPH)
Batting: LHB Tony Olmos 0-0: Ball
1-0: Ball
2-0: Called Strike
2-1: Foul Ball, location: 2F
2-2: Fly out, F8 (Flyball, 8RD, EV 102.5 MPH)
Top of the 9th over - 0 runs, 0 hits, 0 errors, 0 left on base; Miami (APP) 13 - Helena 5
BOTTOM OF THE 9TH
Helena Brewers batting - Pitching for Miami (APP) Marlins : RHP Carlos Segura
Pitching: RHP Eric Schafer
Batting: RHB Fernando Mejia 0-0: Called Strike
0-1: Ball
1-1: Ball
2-1: Foul Ball, location: 2F
2-2: Foul Ball, location: 2F
2-2: Ground out 6-3 (Groundball, 6, EV 93.8 MPH)
Batting: LHB Jesus Huante 0-0: Foul Ball, location: 2F
0-1: Ball
1-1: Swinging Strike
1-2: Foul Ball, location: 2F
1-2: Strikes out swinging
Batting: LHB Andy Buschlen 0-0: Ball
1-0: Called Strike
1-1: Ground out 4-3 (Groundball, 34, EV 105.0 MPH)
Bottom of the 9th over - 0 runs, 0 hits, 0 errors, 0 left on base; Miami (APP) 13 - Helena 5
Sunday, July 16th , 2023 - OOTP Baseball 24.6 Build 69